 Dungeon Crawl Stone Soup version 0.20.0-9-g8272e65 (webtiles) character file.

371 Pikken the Ruffian (level 6, -1/61 HPs)
             Began as a Troll Monk on June 3, 2017.
             Slain by a two-headed ogre
             ... wielding a +0 giant spiked club
              (6 damage)
             ... on level 4 of the Dungeon.
             The game lasted 00:14:50 (2674 turns).

Pikken the Ruffian (Troll Monk)                     Turns: 2674, Time: 00:14:50

Health: -1/61      AC:  6    Str: 20    XL:     6   Next: 42%
Magic:  3/5        EV: 11    Int:  7    God:
Gold:   139        SH:  0    Dex: 13    Spells: 4/5 levels left

rFire    . . .     SeeInvis .     - Unarmed
rCold    . . .     Gourm    +   (no shield)
rNeg     + . .     Faith    .   c - +0 robe {rN+}
rPois    +         Spirit   .   (helmet restricted)
rElec    .         Reflect  .   e - +0 cloak
rCorr    .         Harm     .   (gloves unavailable)
MR       .....                  (boots unavailable)
Stlth    +++.......             (no amulet)
Regen    0.6/turn               k - ring of stealth
MPRegen  0.1/turn               d - ring of poison resistance

@: very slightly contaminated
A: unfitting armour, claws 3, fast metabolism 3, gourmand, regeneration 1,
shaggy fur 1, tough skin 2
a: no special abilities


You were on level 4 of the Dungeon.
You were completely stuffed.

You visited 1 branch of the dungeon, and saw 4 of its levels.

You collected 139 gold pieces.

Inventory:

Missiles
 j - a tomahawk (quivered)
Armour
 a - a +0 robe
 c - a +0 robe of positive energy (worn)
 e - a +0 cloak (worn)
Jewellery
 d - a ring of poison resistance (right claw)
 k - a ring of stealth (left claw)
 l - an uncursed amulet of harm
Scrolls
 f - a scroll of random uselessness {unknown}
 g - 2 scrolls of recharging
 m - a scroll of blinking {unknown}
 n - a scroll of teleportation
 r - a scroll of fear {unknown}
Potions
 h - a potion of might {unknown}
 p - a potion of degeneration {unknown}
 q - 2 potions of mutation {unknown}
Books
 o - a book of Changes

   Spells                             Type                      Level
   a - Beastly Appendage              Transmutation                1
   b - Sticks to Snakes               Transmutation                2
   c - Spider Form                    Transmutation/Poison         3
   d - Ice Form                       Ice/Transmutation            4
   e - Blade Hands                    Transmutation                5
Comestibles
 b - 4 bread rations
 i - 2 meat rations
 s - 2 chunks of flesh


   Skills:
 + Level 3.2 Fighting
 + Level 1.0 Throwing
 + Level 3.4 Dodging
 + Level 1.7 Stealth
 + Level 5.3 Unarmed Combat
 + Level 0.1 Spellcasting
 + Level 0.2 Transmutations


You had 4 spell levels left.
You knew the following spells:

 Your Spells              Type           Power        Failure   Level  Hunger
a - Beastly Appendage     Tmut           #.....       38%         1    ##.....


Dungeon Overview and Level Annotations

Branches:
Dungeon (4/15)             Temple (0/1) D:4

Altars:
Cheibriados
Elyvilon


Innate Abilities, Weirdness & Mutations

You are too large for most types of armour.
You have claws for hands.
Your metabolism is lightning-fast.
You like to eat raw meat.
Your natural rate of healing is unusually fast.
You are covered in fur. (AC +1)
You have very tough skin. (AC +2)


Message History

You scratch the two-headed ogre but do no damage.
The two-headed ogre is lightly wounded.
The two-headed ogre barely misses you.
The two-headed ogre hits you with a great mace!!
You barely miss the two-headed ogre. You claw the two-headed ogre.
The two-headed ogre is moderately wounded.
The two-headed ogre barely misses you.
The two-headed ogre hits you with a great mace!
You are too injured to fight recklessly!
You are too injured to fight recklessly!
You are too injured to fight recklessly!
You claw the two-headed ogre! You claw the two-headed ogre.
The two-headed ogre is heavily wounded.
Your talons disappear.
You scratch the two-headed ogre but do no damage.
The two-headed ogre is heavily wounded.
The two-headed ogre hits you with a giant spiked club!
* * * LOW HITPOINT WARNING * * *
The two-headed ogre hits you with a great mace.
You die...

#.#.###.#.>.#...
#.#.# ###...#.#.
#.#.# =#.#.#.
#.#.# . ###.
#.#.##### >.#.#.
#)#.....# .#.#.
#...##### #.#.
#####.# #.#.
#@....# #.#.
#######O#####
#.#.
#......s...#
#####<#.
#......(...#
.##.......
#......(...+
..........
#..........#
.##.......
#..........#
########
#..........#
#..........#


You could see a two-headed ogre and a giant cockroach.

Vanquished Creatures
  Grinder (D:3)
  An orc wizard (D:4)
  Jessica (D:2)
  4 adders
  An ooze (D:1)
  An adder skeleton (D:4)
  2 worms (D:3)
  2 dart slugs
  3 leopard geckos (D:1)
  4 orcs
  A ball python (D:3)
  6 bats
  3 giant cockroaches
  6 goblins
  3 hobgoblins
  4 jackals (D:1)
  A quokka (D:2)
  3 frilled lizards
  5 kobolds
  10 rats
62 creatures vanquished.

Notes
Turn   | Place    | Note
-------+----------+-------------------------------------------
     0 | D:1      | Pikken the Troll Monk began the quest for the Orb.
     0 | D:1      | Reached XP level 1. HP: 22/22 MP: 0/0
   115 | D:1      | Reached XP level 2. HP: 29/29 MP: 1/1
   259 | D:1      | Reached XP level 3. HP: 33/36 MP: 2/2
   773 | D:2      | Noticed Jessica
   793 | D:2      | Killed Jessica
   793 | D:2      | Reached XP level 4. HP: 13/44 MP: 3/3
   932 | D:2      | Found a faded altar of an unknown god.
  1626 | D:3      | Reached skill level 4 in Unarmed Combat
  1670 | D:3      | Found a white marble altar of Elyvilon.
  1670 | D:3      | Found a snail-covered altar of Cheibriados.
  1692 | D:3      | You fall through a shaft!
  1816 | D:3      | Learned a level 1 spell: Beastly Appendage
  1842 | D:3      | Noticed Grinder
  1857 | D:3      | Paralysed by Grinder for 5 turns
  1864 | D:3      | Killed Grinder
  1864 | D:3      | Reached skill level 5 in Unarmed Combat
  1864 | D:3      | Reached XP level 5. HP: 23/53 MP: 1/4
  1864 | D:3      | Reached XP level 6. HP: 27/61 MP: 1/5
  2610 | D:4      | Reached skill level 1 in Throwing
  2639 | D:4      | Found a staircase to the Ecumenical Temple.
  2662 | D:4      | Noticed a two-headed ogre
  2674 | D:4      | Slain by a two-headed ogre

Skill      XL: |  1  2  3  4  5  6 |
---------------+-------------------+-----
Dodging        | 3 |  3.4
Unarmed Combat | 5 |  5.3
Fighting       | 3 |  3.2
Throwing       | 1 |  1.0
Stealth        | |  1.7
Spellcasting   | |  0.1
Transmutations | |  0.2

Action                   |  1- 3 |  4- 6 || total
-------------------------+-------+-------++-------
Melee: Unarmed           |    69 |    62 ||   131
       Kick              |       |     2 ||     2
       Punch             |       |     1 ||     1
Throw: Tomahawk          |     2 |    17 ||    19
 Cast: Beastly Appendage |       |     2 ||     2
  Use: Scroll            |     3 |     3 ||     6
       Potion            |     3 |       ||     3
 Stab: Sleeping          |     2 |     4 ||     6
  Eat: Chunk             |    12 |    18 ||    30
Armor: Robe              |    25 |    13 ||    38
Dodge: Dodged            |    36 |    23 ||    59
